 Dungeon Crawl Stone Soup version 0.28-a0-987-g8383568036 (webtiles) character file.

Game seed: 11973531861295405479

772 Decritt the Skirmisher (level 7, -8/47 HPs)
             Began as a Gargoyle Fighter on Dec 4, 2021.
             Was a Follower of Elyvilon.
             Killed from afar by an acid dragon (30 damage)
             ... with a splash of acid
             ... on level 5 of the Dungeon.
             The game lasted 00:08:10 (6000 turns).

Decritt the Skirmisher (Gargoyle Fighter)           Turns: 6000, Time: 00:08:10

Health: -8/47      AC: 15    Str: 22    XL:     7   Next: 83%
Magic:  7/7        EV:  5    Int:  8    God:    Elyvilon [*.....]
Gold:   225        SH:  8    Dex:  9    Spells: 6/6 levels left

rFire   . . .      SeeInvis .   a - +0 war axe
rCold   . . .      Faith    .   h - +0 kite shield
rNeg    + . .      Spirit   .   l - +0 chain mail
rPois   ∞          Reflect  .   g - +0 helmet
rElec   +          Harm     .   w - +0 cloak
rCorr   .          Rampage  .   y - +1 pair of gloves
Will    .....                   (no boots)
Stlth   ..........              (no amulet)
HPRegen 0.15/turn               (no ring)
MPRegen 0.10/turn               (no ring)

@: corroded
A: sickness immunity, AC +4, negative energy resistance 1, electricity
resistance, torment resistance 1, petrification resistance
a: Renounce Religion, Purification


You were on level 5 of the Dungeon.
You worshipped Elyvilon.
Elyvilon was aware of your devotion.
You visited 2 branches of the dungeon, and saw 6 of its levels.

You collected 225 gold pieces.

Inventory:

Hand Weapons
 a - a +0 war axe (weapon)
Missiles
 m - 16 poisoned darts (quivered)
 x - 5 javelins
Armour
 g - a +0 helmet (worn)
 h - a +0 kite shield (worn)
 l - a +0 chain mail (worn)
 w - a +0 cloak (worn)
 y - a +1 pair of gloves (worn)
Wands
 e - a wand of iceblast (9)
 f - a wand of flame (12)
Scrolls
 u - 2 scrolls of blinking
Potions
 b - a potion of haste
 c - a potion of heal wounds {unknown}
 d - 2 potions of might
 p - a potion of brilliance {unknown}


   Skills:
 * Level 6.3 Fighting
 * Level 4.9 Axes
 + Level 5.0 Armour
 + Level 4.5 Shields


You had 6 spell levels left.
You didn't know any spells.
Your spell library contained the following spells:

 Spells                   Type           Power      Damage    Failure   Level
 Foxfire                  Conj/Fire      0%         2x1d4     100%        1
 Corpse Rot               Necr/Air       0%         N/A       100%        2
 Call Canine Familiar     Summ           0%         N/A       100%        3
 Conjure Flame            Conj/Fire      0%         6-21      100%        3
 Gell's Gravitas          Tloc           0%         N/A       100%        3
 Inner Flame              Hex/Fire       0%         N/A       100%        3
 Lesser Beckoning         Tloc           0%         N/A       100%        3
 Portal Projectile        Hex/Tloc       0%         N/A       100%        3
 Teleport Other           Tloc           0%         N/A       100%        3
 Dispel Undead            Necr           0%         3d6       100%        4
 Flame Wave               Conj/Fire      0%         2d4       100%        4
 Leda's Liquefaction      Hex/Erth       0%         N/A       100%        4
 Death Channel            Necr           0%         N/A       100%        6


Dungeon Overview and Level Annotations

Branches:
Dungeon (5/15)             Temple (1/1) D:4

Altars:
Ashenzari
Cheibriados
Dithmenos
Elyvilon
Gozag
Hepliaklqana
Makhleb
Okawaru
Ru
Sif Muna
Vehumet
Zin
Lugonu


Innate Abilities, Weirdness & Mutations

You are immune to sickness and miasma.
Your stone body is resilient. (AC +4)
You are immune to poison.
You resist negative energy. (rN+)
You are resistant to electric shocks. (rElec)
You are resistant to unholy torment.
You are immune to petrification.


Message History

Things that are here:
a +0 club; a +0 ring mail
Found a scroll of torment.
You see here a scroll of torment.
You open the door.
There is an open door here.
There is an open door here.
Found a stone staircase leading down.
You open the door.
There is an open door here.
You pick up a book of the Hunter and begin reading...
You add the spells Call Canine Familiar, Portal Projectile and Leda's Liquefaction to your library.
You open the door.
An acid dragon comes into view.
The acid dragon roars!
You throw a poisoned dart.
The poisoned dart barely misses the acid dragon.
You closely miss the acid dragon.
The acid dragon bites you but does no damage.
The acid dragon claws you but does no damage.
You hit the acid dragon but do no damage.
The acid dragon bites you! You block the acid dragon's attack.
The acid dragon spits acid at you. The splash of acid hits you!
The acid corrodes you!
You slash the acid dragon!
The acid dragon is heavily wounded.
The acid dragon barely misses you. You block the acid dragon's attack.
You hit the acid dragon but do no damage.
The acid dragon is heavily wounded.
The acid dragon bites you!
* * * LOW HITPOINT WARNING * * *
The acid dragon barely misses you. The acid dragon bites you.
* * * LOW HITPOINT WARNING * * *
You block the acid dragon's attack.
You hit the acid dragon but do no damage.
The acid dragon is heavily wounded.
The acid dragon spits acid at you. The splash of acid hits you!!
Ouch! That really hurt!
You die...

.....# ##.##.#
*,*#..........# .....#
#.....##*,*#..........#
.....#
##.....#*,##..........#
.....#
#.....##.##..........#
..####
#........#####...#####
..# #.....##.#
*##..#*** ..#
#.....#*,# *,...#,,*
..#
#.....######*,*,,*,,**
###
#....@D...(#*,**,*,,,*
#.....####.#*,**>**,,*
#.....# *,**,*****,,*
#.....# *,**,*****,,*
####### *,**,,,,,,,,*
*,*********,* *,,,,,,*
*,* ******,* *,* *,*
*,*


You could see an acid dragon (catching breath).

Vanquished Creatures
  A wyvern (D:4)
  An ogre (D:5)
  A scorpion (D:4)
  A water moccasin skeleton (D:5)
  A jelly (D:4)
  A bullfrog skeleton (D:4)
  A gnoll shaman (D:5)
  3 orc priests
  A centaur skeleton (D:5)
  8 gnolls
  5 adders
  A white imp (D:4)
  A worm (D:3)
  A dart slug (D:4)
  11 orcs
  6 bats
  8 endoplasms
  3 giant cockroaches
  6 goblins
  5 hobgoblins
  3 quokkas
  9 ball pythons
  3 frilled lizards
  7 kobolds
  9 rats
97 creatures vanquished.

Vanquished Creatures (others)
  A fungus (D:2)
  6 plants (D:2)
7 creatures vanquished.

Grand Total: 104 creatures vanquished

Notes
Turn   | Place    | Note
-------+----------+-------------------------------------------
     0 | D:1      | Decritt the Gargoyle Fighter began the quest for the Orb.
     0 | D:1      | Reached XP level 1. HP: 14/14 MP: 1/1
   193 | D:1      | Reached XP level 2. HP: 19/19 MP: 2/2
  1265 | D:2      | Reached XP level 3. HP: 17/24 MP: 3/3
  1555 | D:2      | Found a faded altar of an unknown god.
  1929 | D:3      | Reached skill level 4 in Fighting
  2046 | D:3      | Reached XP level 4. HP: 21/29 MP: 4/4
  2531 | D:3      | Found a hazy altar of Hepliaklqana.
  2649 | D:3      | Found a radiant altar of Vehumet.
  2816 | D:4      | Found a burning altar of Makhleb.
  2821 | D:4      | Found a shadowy altar of Dithmenos.
  2915 | D:4      | HP: 1/30 [ball python (3)]
  3367 | D:4      | Found a staircase to the Ecumenical Temple.
  3389 | Temple   | Entered the Ecumenical Temple
  3439 | Temple   | Became a worshipper of Elyvilon the Healer
  3562 | D:4      | Reached XP level 5. HP: 31/34 MP: 5/5
  3609 | D:4      | Found a glowing silver altar of Zin.
  3626 | D:4      | Reached skill level 5 in Fighting
  3628 | D:4      | Reached XP level 6. HP: 4/40 MP: 6/6
  4110 | D:4      | Found a shimmering blue altar of Sif Muna.
  4127 | D:4      | Noticed a wyvern
  4132 | D:4      | Killed a wyvern
  4133 | D:4      | Reached XP level 7. HP: 37/45 MP: 7/7
  4472 | D:5      | Entered Level 5 of the Dungeon
  4847 | D:5      | Reached skill level 6 in Fighting
  5224 | D:5      | Reached * piety under Elyvilon
  5450 | D:5      | Reached skill level 5 in Armour
  6000 | D:5      | Killed from afar by an acid dragon

Illustrated notes

Levels and vault maps discovered:
D:1:      heliophobic_arrival_enchanted_forest, layout_basic,
          chequers_serial_rivers_micro_d
D:2:      layout_rooms, dreamdust_ecumenical_altar_hidden_monk_grotto,
          nrook_campfire
D:3:      layout_loops_ring, mainiacjoe_overflow_alcove_1,
          nzn_hepliaklqana_mist_gate, minmay_randomly_rotated_circles
D:4:      layout_loops_ring, zin_statuary, nicolae_overflow_hidden_temple,
          minmay_temple_entry_grid
D:5:      layout_basic
Temple:   corrupted_temple

Skill      XL: |  1  2  3  4  5  6  7 |
---------------+----------------------+-----
Axes           | 2 3 4 |  4.9
Fighting       | 4 5 6 |  6.3
Armour         | 4 5 |  5.0
Shields        | 4 |  4.5

Action                   |  1- 3 |  4- 6 |  7- 9 || total
-------------------------+-------+-------+-------++-------
Melee: War axe           |   106 |   133 |    57 ||   296
Throw: Dart              |    57 |    58 |    12 ||   127
  Use: Scroll            |       |     3 |    12 ||    15
       Potion            |       |     2 |       ||     2
Armor: Scale mail        |    44 |       |       ||    44
       Chain mail        |    22 |   103 |    46 ||   171
Dodge: Dodged            |    60 |    46 |    21 ||   127
Block: Buckler           |    17 |    18 |       ||    35
       Kite shield       |       |    25 |    27 ||    52

Table legend: (Time is in decaauts)
 A = Elapsed time spent in this place.
 B = Non-inter-level travel time spent in this place.
 C = Inter-level travel time spent in this place.
 D = Time resting spent in this place.
 E = Time spent auto-exploring this place.
 F = Levels seen in this place.
 G = Mean time per level.
                   A        B        C        D        E       F      G
               +--------+--------+--------+--------+--------+-----+--------+
         Total |   6138 |   6015 |    123 |   1280 |   3730 |   6 | 1023.0 |
       Dungeon |   6074 |   5951 |    123 |   1280 |   3712 |   5 | 1214.8 |
        Temple |     64 |     64 |      0 |      0 |     18 |   1 |   64.0 |
               +--------+--------+--------+--------+--------+-----+--------+

Top non-repeatable levels by time:
     D:4: 1645 daAuts
     D:5: 1557 daAuts
     D:1: 1123 daAuts
     D:3: 1088 daAuts
     D:2: 659 daAuts
  Temple: 64 daAuts
